 Dungeon Crawl Stone Soup version 0.13.0-11-g0187522 (webtiles) character file.

186 Econoterrorist the Chopper (level 4, -4/58 HPs)
             Began as a Minotaur Berserker on Oct 18, 2013.
             Was a Believer of Trog.
             Slain by a hippogriff (6 damage)
             ... on Level 3 of the Dungeon.
             The game lasted 00:07:08 (1317 turns).

Econoterrorist the Chopper (Minotaur Berserker)     Turns: 1317, Time: 00:07:08

HP  -4/58        AC  6     Str 26      XL: 4   Next: 29%
MP   1/1         EV 10     Int  4      God: Trog [**....]
Gold 98          SH  0     Dex 11      Spells:  0 memorised,  3 levels left

Res.Fire  : . . .   See Invis. : .   a - +0 hand axe {=f}
Res.Cold  : . . .   Warding    : .   g - +0 ring mail
Life Prot.: . . .   Conserve   : .   (no shield)
Res.Poison: .       Res.Corr.  : .   (helmet restricted)
Res.Elec. : .       Clarity    : .   (no cloak)
Sust.Abil.: . .     Spirit.Shd : .   (no gloves)
Res.Mut.  : .       Stasis     : .   j - +0 pair of elf boots
Res.Rott. : .       Flight     : .   (no amulet)
Saprovore : . . .                    (no ring)
                                     (no ring)

@: berserking, very quick, slightly resistant to hostile enchantments, extremely
unstealthy
A: retaliatory headbutt, horns 2
a: Burn Spellbooks, Berserk, Trog's Hand, Renounce Religion


You were on level 3 of the Dungeon.
You worshipped Trog.
Trog was pleased with you.
You were hungry.

You visited 1 branch of the dungeon, and saw 3 of its levels.

You collected 78 gold pieces.

Inventory:

Hand weapons
 a - a +0,+0 hand axe (weapon) {=f}
Missiles
 h - 2 throwing nets (quivered)
Armour
 g - a +0 ring mail (worn)
 j - a +0 pair of elven boots (worn)
Comestibles
 c - a bread ration
Scrolls
 b - 4 scrolls of teleportation {unknown}
 d - a scroll of identify {unknown}
 i - a scroll of blinking {unknown}
 k - a scroll of curse jewellery {unknown}
 l - a scroll of noise {unknown}
 m - a scroll of enchant armour {unknown}
 n - a scroll of magic mapping {unknown}
Potions
 e - a potion of heal wounds {unknown}
 f - a potion of might {unknown}
 o - a potion of paralysis {unknown}


   Skills:
 - Level 3.6 Fighting
 + Level 6.0 Axes
 - Level 2.4 Armour
 - Level 2.1 Dodging
 + Level 0.6 Stealth


You had 3 spell levels left.
You didn't know any spells.

Dungeon Overview and Level Annotations

Branches:
Dungeon (3/27)

Altars:
Sif Muna


Innate Abilities, Weirdness & Mutations

You reflexively headbutt those who attack you in melee.
You have a pair of horns on your head.


Message History

The hippogriff pecks you.
* * * LOW HITPOINT WARNING * * *
The hippogriff claws you but does no damage.
Use which ability? (? or * to list)
A red film seems to cover your vision as you go berserk!
You feel yourself moving faster!
You feel mighty!
You are feeling hungry.
The hippogriff closely misses you.
You barely miss the hippogriff.
The hippogriff is lightly wounded.
The hippogriff closely misses you. The hippogriff pecks you.
* * * LOW HITPOINT WARNING * * *
The hippogriff claws you.
* * * LOW HITPOINT WARNING * * *
You slash the hippogriff!
The hippogriff is heavily wounded.
The hippogriff bites you.
* * * LOW HITPOINT WARNING * * *
The hippogriff pecks you.
You die...

#.# #.##.#### #.#
#.##.##.. ####.##
#.##.##.#
......####.##.##.#
#..........##.##.#
#.##..####.##.##.# #..#
#.##.##.# #<.#
#.......# #.##..#
#.#..##@# ......#
#.#.###H# .(.....#
#.......# #.##.#.#
##...##.######## ..
#.#........##.........
#
..#....#...##..######$.
######.##............#
.. ###.#.[#####.# ##
#z.....


You could see a hippogriff.

Vanquished Creatures
  A hound zombie (D:3)
  A gnoll (D:1)
  3 adders
  A ball python (D:1)
  7 bats
  A giant cockroach (D:1)
  A hobgoblin (D:1)
  6 kobolds
  2 quokkas (D:2)
  A giant newt (D:1)
  9 goblins
  5 rats
38 creatures vanquished.

Notes
Turn   | Place    | Note
--------------------------------------------------------------
     0 | D:1      | Econoterrorist, the Minotaur Berserker, began the quest for the Orb.
     0 | D:1      | Reached XP level 1. HP: 19/19 MP: 0/0
    71 | D:1      | Reached skill level 4 in Axes
   148 | D:1      | Reached XP level 2. HP: 26/26 MP: 0/0
   468 | D:1      | Acquired Trog's second power
   475 | D:1      | Reached skill level 5 in Axes
   684 | D:2      | Reached XP level 3. HP: 31/33 MP: 1/1
   714 | D:2      | Found a deep blue altar of Sif Muna.
  1283 | D:3      | Noticed a hippogriff
  1293 | D:3      | Reached XP level 4. HP: 34/39 MP: 1/1
  1312 | D:3      | Reached skill level 6 in Axes
  1317 | D:3      | HP: 2/58 [hippogriff (4)]
  1317 | D:3      | Slain by a hippogriff

Action                   |  1- 3 |  4- 6 || total
-------------------------+-------+-------++-------
Melee: Hand axe          |    71 |    21 ||    92
Invok: Berserk           |       |     1 ||     1
